 Dungeon Crawl Stone Soup version 0.16.1-2-g95b8d4c (webtiles) character file.

10525 Zapata the Basher (level 11, -1/100 HPs)
             Began as a Kobold Berserker on Mar 24, 2015.
             Was a High Priest of Trog.
             Slain by a troll (8 damage)
             ... on level 11 of the Dungeon.
             The game lasted 00:18:31 (14862 turns).

Zapata the Basher (Kobold Berserker)               Turns: 14862, Time: 00:18:32

Health: -1/100     AC: 25    Str: 16    XL:     11   Next: 94%
Magic:  5/11       EV:  3    Int:  5    God:    Trog [*****.]
Gold:   191        SH:  0    Dex: 19    Spells: 0 memorised, 10 levels left

rFire  . . .     SeeInvis .     a - +2 flail (crush)
rCold  . . .     Clarity  .     J - melded +4 chain mail
rNeg   + + +     SustAb   .     (no shield)
rPois  +         Gourm    .     B - melded +0 helmet
rElec  .         Spirit   .     C - melded +0 cloak
rCorr  .         Warding  .     (gloves currently unavailable)
rMut   .         NoTele   +     (boots currently unavailable)
MR     .....                    m - amulet of rage
Stlth  ++........               r - ring of positive energy
                                w - ring of poison resistance

@: exhausted, tree-form, not resistant to hostile enchantments, unstealthy
A: carnivore 3
a: Burn Spellbooks, Berserk, Trog's Hand, Brothers in Arms, Renounce Religion,
Evoke Berserk Rage


You were on level 11 of the Dungeon.
You worshipped Trog.
Trog was extremely pleased with you.
You were hungry.
You were a tree.
You visited 1 branch of the dungeon, and saw 11 of its levels.

You collected 639 gold pieces.
You spent 448 gold pieces at shops.

Inventory:

Hand weapons
 a - a +2 flail of crushing (weapon)
 Q - a +2 flail of draining
 T - a +1 whip of flaming
Missiles
 d - 328 stones (quivered)
 v - 12 tomahawks
 R - 11 poisoned bolts
Armour
 b - a +0 animal skin
 B - a +0 helmet (melded)
 C - a +0 cloak (melded)
 J - a +4 chain mail (melded)
Jewellery
 m - an amulet of rage (around neck)
 q - a cursed ring of teleportation
 r - a ring of positive energy (right branch)
 t - an uncursed ring of ice
 w - a ring of poison resistance (left branch)
Magical devices
 j - a wand of fireball (5)
 k - a wand of fireball (4)
 y - a wand of flame (0)
 A - a wand of cold (6)
 D - a wand of digging (1)
 M - a wand of cold (3)
 O - a wand of fire (10)
Scrolls
 e - 5 scrolls of remove curse
 g - a scroll of fear {unknown}
 h - 2 scrolls of blinking
 l - a scroll of magic mapping {unknown}
 o - 4 scrolls of enchant armour
 p - 8 scrolls of teleportation
 E - a scroll of recharging
 F - a scroll of noise
 I - 2 scrolls of silence {unknown}
 L - a scroll of enchant weapon
Potions
 f - a potion of ambrosia {unknown}
 i - a potion of lignification
 n - a potion of poison {unknown}
 s - a potion of restore abilities {unknown}
 u - a potion of cure mutation {unknown}
 x - 2 potions of haste
 z - a potion of mutation {unknown}
 G - 3 potions of curing
 H - a potion of degeneration {unknown}
 K - 3 potions of resistance {unknown}
 P - a potion of flight
 S - 2 potions of agility {unknown}
Comestibles
 c - 3 meat rations
 N - 2 beef jerkies


   Skills:
 + Level 7.5 Fighting
 - Level 14.0 Maces & Flails
 - Level 6.0 Armour
 + Level 7.6 Dodging


You had 10 spell levels left.
You didn't know any spells.

Dungeon Overview and Level Annotations

Branches:
Dungeon (11/15)            Temple (0/1) D:6            Lair (0/8) D:11
    Orc: D:9-12

Altars:
Ashenzari
Cheibriados
Elyvilon
Kikubaaqudgha
Makhleb
Okawaru
Qazlal
Ru
Sif Muna
Trog
Vehumet
Xom
Zin

Shops:
D:8 ?!*   D:11 (

Annotations:
D:9 exclusion: ice statue


Innate Abilities, Weirdness & Mutations

You are small and have problems with some larger weapons.
You are carnivorous and can eat meat at any time.


Message History

Reactivating autopickup.
You feel a bit more experienced.
You cannot move.
The troll bites you.
* * * LOW HITPOINT WARNING * * *
The troll completely misses you. The troll claws you but does no damage.
Huge Dmg: -4%(-4hp) hp: 12%(12hp)
You cannot move.
You cannot move.
You cannot move.
The troll bites you but does no damage. The troll claws you but does no damage.
The troll completely misses you. The troll completely misses you.
The troll barely misses you. The troll claws you but does no damage.
You cannot move.
You cannot move.
The troll bites you but does no damage. The troll claws you.
* * * LOW HITPOINT WARNING * * *
The troll claws you!
You die...

#### ########## #..##
.........###...#######
########...'.........##
# #####............ ###
####'####### ..# #..##
#.## ##♣.# #..##
########T### ##[.#
......O....# ###'##
...........# .....#
..........# .....#
.....<....# .....#
..........# .....#
.........# .....+
........#


You could see a troll.

Vanquished Creatures
  A hydra (D:8)
  Erolcha (D:11)
  Pikel (D:4)
  A hill giant (D:11)
  An ugly thing (D:11)
  A gargoyle (D:9)
  A fire drake (D:8)
  5 slime creatures (D:10)
  A two-headed ogre (D:11)
  A hippogriff (D:8)
  3 yaks (D:10)
  A deep elf mage (D:9)
  A hungry ghost (D:10)
  Edmund (D:9)
  An orc warrior (D:10)
  A slave (D:4)
  An ice beast (D:5)
  A wasp (D:8)
  3 sky beasts
  2 eyes of draining
  3 centaurs
  Sigmund (D:5)
  Duvessa (D:6)
  3 ogres
  A big kobold (D:8)
  A brain worm (D:9)
  9 giant frogs
  A wyvern zombie (D:11)
  A wyvern skeleton (D:9)
  A scorpion (D:6)
  10 killer bees (D:10)
  7 wights
  Dowan (D:6)
  3 centaur zombies
  2 goliath beetles
  A jelly (D:6)
  5 crimson imps
  4 orc priests
  2 hounds
  2 centaur skeletons
  3 iguanas
  Natasha (thrice) (D:5)
  5 worker ants
  4 orc wizards
  Ijyb (D:5)
  A sky beast zombie (D:6)
  A mummy (D:6)
  A hound skeleton (D:6)
  2 worker ant zombies
  6 adders
  3 gnolls (D:5)
  2 giant mites
  2 worms
  2 shadow imps
  An adder skeleton (D:7)
  An adder zombie (D:9)
  29 orcs
  3 ball pythons
  15 bats
  3 bat skeletons
  2 bat zombies (D:8)
  A gnoll zombie (D:5)
  13 hobgoblins
  10 jackals
  5 quokkas
  6 giant cockroaches
  A giant cockroach zombie (D:6)
  5 giant geckos
  7 giant newts
  A giant spore (D:10)
  11 goblins
  A jackal skeleton (D:4)
  21 kobolds
  2 quokka skeletons
  A quokka zombie (D:5)
  21 rats
  4 ballistomycetes (D:10)
288 creatures vanquished.

Vanquished Creatures (collateral kills)
  A hill giant (D:10)
  A wyvern (D:8)
  2 hounds (D:8)
  5 wights (D:7)
  2 kobolds (D:8)
11 creatures vanquished.

Vanquished Creatures (others)
  A phantom (D:4)
  2 slaves (D:4)
  An ogre (D:11)
  A wyvern skeleton (D:9)
  A worker ant (D:4)
  An adder (D:4)
  A giant cockroach (D:4)
  A goblin (D:4)
  A hobgoblin (D:4)
  2 jackals (D:4)
12 creatures vanquished.

Grand Total: 311 creatures vanquished

Notes
Turn   | Place    | Note
--------------------------------------------------------------
     0 | D:1      | Zapata, the Kobold Berserker, began the quest for the Orb.
     0 | D:1      | Reached XP level 1. HP: 14/14 MP: 1/1
    62 | D:1      | Reached XP level 2. HP: 8/19 MP: 2/2
   353 | D:1      | Acquired Trog's second power
   739 | D:1      | Reached skill level 4 in Maces & Flails
   739 | D:1      | Reached XP level 3. HP: 15/23 MP: 3/3
  1349 | D:2      | You fall through a shaft!
  1357 | D:3      | Found a snail-covered altar of Cheibriados.
  1933 | D:3      | Found a glowing silver altar of Zin.
  1934 | D:3      | Noticed an angel
  1936 | D:3      | Found a shimmering altar of Xom.
  2101 | D:2      | Reached XP level 4. HP: 13/28 MP: 4/4
  2496 | D:2      | Found an iron altar of Okawaru.
  2525 | D:2      | Reached skill level 5 in Maces & Flails
  3207 | D:3      | Found a sacrificial altar of Ru.
  3226 | D:3      | Reached XP level 5. HP: 28/32 MP: 5/5
  3568 | D:4      | Found a deep blue altar of Sif Muna.
  3578 | D:4      | Reached skill level 6 in Maces & Flails
  3582 | D:4      | Reached XP level 6. HP: 37/37 MP: 6/6
  3589 | D:4      | Acquired Trog's third power
  3830 | D:4      | Noticed a slave
  3837 | D:4      | Noticed a slave
  3838 | D:4      | Killed a slave
  3841 | D:4      | Noticed Pikel
  3847 | D:4      | Noticed a slave
  3849 | D:4      | Noticed a slave
  3854 | D:4      | Killed Pikel
  3854 | D:4      | Reached skill level 8 in Maces & Flails
  3854 | D:4      | Reached XP level 7. HP: 18/41 MP: 7/7
  4291 | D:4      | Reached XP level 8. HP: 29/46 MP: 8/8
  4316 | D:4      | Reached skill level 9 in Maces & Flails
  4491 | D:4      | Killed a freed slave
  4634 | D:4      | Killed a freed slave
  4660 | D:4      | Found a burning altar of Makhleb.
  4661 | D:4      | Found a radiant altar of Vehumet.
  4755 | D:5      | Entered Level 5 of the Dungeon
  4796 | D:5      | Noticed Ijyb
  4805 | D:5      | Killed Ijyb
  5058 | D:5      | Found a bloodstained altar of Trog.
  5158 | D:5      | Noticed Natasha
  5174 | D:5      | Killed Natasha
  5250 | D:5      | Noticed Natasha
  5260 | D:5      | Killed Natasha
  5373 | D:5      | Noticed Natasha
  5376 | D:5      | Killed Natasha
  5396 | D:5      | Reached skill level 10 in Maces & Flails
  5549 | D:5      | Noticed Sigmund
  5555 | D:5      | Killed Sigmund
  6133 | D:5      | Found an ancient bone altar of Kikubaaqudgha.
  6146 | D:5      | Found a white marble altar of Elyvilon.
  6423 | D:6      | Noticed Duvessa
  6423 | D:6      | Noticed Dowan
  6430 | D:6      | Reached XP level 9. HP: 51/51 MP: 9/9
  6436 | D:6      | Killed Duvessa
  6443 | D:6      | Reached skill level 11 in Maces & Flails
  6460 | D:6      | Killed Dowan
  7575 | D:6      | Found a staircase to the Ecumenical Temple.
  8008 | D:7      | Reached skill level 12 in Maces & Flails
  8024 | D:7      | Found a shattered altar of Ashenzari.
  8984 | D:8      | Received a gift from Trog
  9042 | D:8      | Noticed a four-headed hydra
  9053 | D:8      | Killed a four-headed hydra
  9053 | D:8      | Reached skill level 5 in Armour
  9053 | D:8      | Reached XP level 10. HP: 30/56 MP: 10/10
  9600 | D:8      | Noticed a fire drake
  9601 | D:8      | Found a staircase to the Lair.
  9626 | D:8      | Killed a fire drake
  9680 | D:8      | Found Kosom's Magic Scroll Emporium.
  9683 | D:8      | Bought a scroll of blinking for 112 gold pieces
  9683 | D:8      | Bought a scroll of identify for 30 gold pieces
  9683 | D:8      | Bought a scroll of teleportation for 45 gold pieces
  9683 | D:8      | Bought a scroll of identify for 30 gold pieces
  9981 | D:8      | Found Shreklouc's Assorted Antiques.
  9982 | D:8      | Found Amedec's Distillery.
  9995 | D:8      | Bought a potion of haste for 110 gold pieces
  9995 | D:8      | Bought a potion of heal wounds for 55 gold pieces
  9995 | D:8      | Bought a potion of curing for 33 gold pieces
  9995 | D:8      | Bought a potion of flight for 33 gold pieces
 10140 | D:9      | Noticed Edmund
 10146 | D:9      | Reached skill level 5 in Fighting
 10169 | D:9      | Killed Edmund
 10169 | D:9      | Reached skill level 5 in Dodging
 10715 | D:9      | Noticed a gargoyle
 10723 | D:9      | Killed a gargoyle
 10815 | D:9      | Noticed an ice statue
 11254 | D:9      | Found a stormy altar of Qazlal.
 11410 | D:10     | Entered Level 10 of the Dungeon
 11734 | D:10     | Reached XP level 11. HP: 48/64 MP: 0/11
 11945 | D:10     | Noticed a hill giant
 11962 | D:10     | Killed a hill giant
 11962 | D:10     | Reached skill level 13 in Maces & Flails
 13067 | D:10     | Reached skill level 14 in Maces & Flails
 14210 | D:11     | Noticed a hill giant
 14219 | D:11     | Killed a hill giant
 14508 | D:11     | Noticed a green ugly thing
 14523 | D:11     | Killed a green ugly thing
 14694 | D:11     | Found Blomar's Antique Weapon Shoppe.
 14767 | D:11     | Found a staircase to the Lair.
 14836 | D:11     | Noticed Erolcha
 14858 | D:11     | Killed Erolcha
 14862 | D:11     | Slain by a troll

Action                   |  1- 3 |  4- 6 |  7- 9 | 10-12 || total
-------------------------+-------+-------+-------+-------++-------
Melee: Mace              |   130 |   125 |       |       ||   255
       Whip              |       |       |   481 |   176 ||   657
       Flail             |       |       |       |   326 ||   326
Invok: Burn Spellbooks   |     1 |       |       |     1 ||     2
       Trog's Hand       |       |     1 |     1 |       ||     2
       Berserk           |       |     3 |    14 |    12 ||    29
       Brothers in Arms  |       |       |     2 |     2 ||     4
  Use: Potion            |       |       |     3 |     2 ||     5
       Scroll            |       |       |     2 |     8 ||    10
 Stab: Paralysed         |       |     3 |       |       ||     3
       Sleeping          |       |       |     2 |       ||     2
  Eat: Chunk             |    11 |     5 |    17 |    24 ||    57
       Meat ration       |       |       |     2 |     1 ||     3
